 Dungeon Crawl Stone Soup version 0.25.1-2-g60ff931df9 (webtiles) character file.

Game seed: 11876835446495194243

7315 Erymatos the Cleaver (level 10, -4/91 HPs)
             Began as a Minotaur Berserker on Nov 11, 2020.
             Was a High Priest of Trog.
             Slain by a yak simulacrum (6 damage)
             ... on level 10 of the Dungeon.
             The game lasted 00:14:05 (11350 turns).

Erymatos the Cleaver (Minotaur Berserker)          Turns: 11350, Time: 00:14:06

Health: -4/91      AC:  8    Str: 29    XL:     10   Next: 90%
Magic:  9/9        EV: 14    Int:  4    God:    Trog [*****.]
Gold:   672        SH:  0    Dex: 12    Spells: 9/9 levels left

rFire    . . .     SeeInvis .   D - +4 battleaxe
rCold    . . .     Gourm    .   (shield currently unavailable)
rNeg     . . .     Faith    .   o - +0 ring mail
rPois    .         Spirit   .   B - +0 hat
rElec    .         Reflect  .   y - +0 cloak
rCorr    .         Harm     .   (no gloves)
MR       .....                  (no boots)
Stlth    +++.......             (no amulet)
HPRegen  0.25/turn              h - +6 ring of strength
MPRegen  0.11/turn              K - ring of stealth

@: berserk cooldown, slowed, very slow
A: retaliatory headbutt, horns 2
a: Berserk, Trog's Hand, Brothers in Arms, Renounce Religion


You were on level 10 of the Dungeon.
You worshipped Trog.
Trog was extremely pleased with you.
You were hungry.

You visited 1 branch of the dungeon, and saw 10 of its levels.

You collected 672 gold pieces.

Inventory:

Hand Weapons
 D - a +4 battleaxe (weapon)
Armour
 o - a +0 ring mail (worn)
 y - a +0 cloak (worn)
 B - a +0 hat (worn)
Jewellery
 h - a +6 ring of strength (left hand)
 C - an uncursed ring of resist corrosion
 K - a ring of stealth (right hand)
Wands
 d - a wand of flame (12)
 p - a wand of enslavement (9)
 s - a wand of polymorph (20)
 H - a wand of iceblast (13)
Scrolls
 a - a scroll of identify
 f - 2 scrolls of magic mapping
 j - a scroll of amnesia {unknown}
 k - a scroll of blinking {unknown}
 m - 3 scrolls of remove curse
 n - 3 scrolls of random uselessness {unknown}
 r - 4 scrolls of fog
 t - 2 scrolls of fear {unknown}
 u - 3 scrolls of teleportation {unknown}
 v - 2 scrolls of enchant weapon {unknown}
 w - 2 scrolls of immolation {unknown}
 F - a scroll of enchant armour {unknown}
 J - a scroll of brand weapon {unknown}
Potions
 e - 3 potions of degeneration
 g - 3 potions of heal wounds
 l - 5 potions of ambrosia
 q - a potion of stabbing
 x - 2 potions of curing
 z - a potion of invisibility
 A - 2 potions of mutation {unknown}
 E - a potion of brilliance {unknown}
 G - a potion of magic {unknown}
Comestibles
 c - 14 rations


   Skills:
 + Level 9.5 Fighting
 + Level 13.9 Axes
 + Level 8.1 Armour
 + Level 6.6 Dodging
 + Level 3.1 Stealth


You had 9 spell levels left.
You didn't know any spells.
Your spell library was empty.

Dungeon Overview and Level Annotations

Branches:
Dungeon (10/15)            Temple (0/1) D:7
   Lair: D:8-11         Orc: D:9-12

Altars:
Ashenzari
Dithmenos
Elyvilon
Fedhas
Nemelex Xobeh
Yredelemnul

Shops:
D:9 (


Innate Abilities, Weirdness & Mutations

You reflexively headbutt those who attack you in melee.
You have a pair of horns on your head.


Message History

The polar bear simulacrum misses you.
The polar bear simulacrum claws you but does no damage.
The yak simulacrum completely misses you.
You furiously retaliate!
You headbutt the yak simulacrum!
The yak simulacrum vapourises!
Trog accepts your kill.
Really walk into that cloud of freezing vapour? [Y]es or [N]o only, please.
Really walk into that cloud of freezing vapour?
Okay, then.
You hit the yak simulacrum but do no damage.
You barely miss the polar bear simulacrum.
The polar bear simulacrum barely misses you.
The polar bear simulacrum closely misses you.
The polar bear simulacrum claws you.
* * * LOW HITPOINT WARNING * * *
The polar bear simulacrum freezes you!
* * * LOW HITPOINT WARNING * * *
The yak simulacrum gores you.
You die...

#.#.# ##.# #....##
..#.#
#..#####.##..#
..#.#
#............#
....#
#..########..#
..###
#..#....#[#..# ..#
#..#.)..#.#.)# ###
##.#......#..# #
#.#......#..# #
#.#'###@##..# #
#....#Z°Z#..#
######## #..P.#...#
............⌠.#...#
##########..P.#####
# #..... # #######
# #


You could see a yak simulacrum and a polar bear simulacrum.

Vanquished Creatures
  Erica (D:9)
  A necromancer (D:10)
  A hornet (D:5)
  2 hippogriffs (D:7)
  Sigmund (D:3)
  4 yaks (D:9)
  Menkaure (D:5)
  Duvessa (D:5)
  7 orc warriors
  3 sky beasts
  A black bear (D:7)
  3 ice beasts
  2 phantoms
  2 ogres
  2 centaurs
  3 bullfrogs
  A gnoll sergeant (D:8)
  A water moccasin zombie (D:5)
  A scorpion (D:8)
  Dowan (D:5)
  9 killer bees
  5 wights (D:6)
  3 electric eels (D:8)
  4 centaur zombies
  2 crimson imps
  2 jellies
  2 hounds
  4 orc priests
  Crazy Yiuf (D:5)
  11 orc wizards
  2 centaur skeletons
  Jessica (D:2)
  4 bullfrog skeletons
  An iguana (D:7)
  4 yak simulacra (D:10)
  A polar bear simulacrum (D:10)
  7 worker ants
  2 wolf simulacra (D:10)
  Robin (D:2)
  A howler monkey zombie (D:8)
  A worker ant zombie (D:6)
  12 gnolls
  12 adders
  A river rat (D:6)
  A shadow imp (D:5)
  14 dart slugs
  7 leopard geckos
  34 orcs
  3 ball pythons
  4 giant cockroaches
  13 goblins
  12 hobgoblins
  16 jackals
  3 quokkas
  7 bats
  5 frilled lizards
  11 kobolds
  A leopard gecko skeleton (D:4)
  8 rats
  2 river rat simulacra (D:10)
  4 fungi (D:5)
277 creatures vanquished.

Notes
Turn   | Place    | Note
-------+----------+-------------------------------------------
     0 | D:1      | Erymatos the Minotaur Berserker began the quest for the
                  | Orb.
     0 | D:1      | Reached XP level 1. HP: 19/19 MP: 0/0
   175 | D:1      | Reached XP level 2. HP: 27/27 MP: 1/1
   354 | D:1      | Reached skill level 4 in Axes
   476 | D:1      | Reached ** piety under Trog
   547 | D:1      | Reached XP level 3. HP: 30/33 MP: 2/2
  1119 | D:2      | Noticed Robin
  1133 | D:2      | Killed Robin
  1133 | D:2      | Reached XP level 4. HP: 18/41 MP: 3/3
  1540 | D:2      | Noticed Jessica
  1547 | D:2      | Killed Jessica
  1547 | D:2      | Reached skill level 5 in Axes
  2102 | D:3      | Reached XP level 5. HP: 44/47 MP: 4/4
  2157 | D:3      | Noticed Sigmund
  2171 | D:3      | Killed Sigmund
  2171 | D:3      | Reached skill level 5 in Fighting
  2171 | D:3      | Reached skill level 6 in Axes
  2171 | D:3      | Reached skill level 1 in Stealth
  2171 | D:3      | Reached XP level 6. HP: 44/56 MP: 5/5
  2354 | D:3      | Reached *** piety under Trog
  2605 | D:3      | Found a shattered altar of Ashenzari.
  2608 | D:3      | Found a shadowy altar of Dithmenos.
  2611 | D:3      | Found a blossoming altar of Fedhas.
  2651 | D:3      | Found a faded altar of an unknown god.
  3454 | D:4      | Reached XP level 7. HP: 52/61 MP: 6/6
  3463 | D:4      | Reached skill level 7 in Axes
  3675 | D:4      | Found a shadowy altar of Dithmenos.
  3898 | D:5      | Entered Level 5 of the Dungeon
  4225 | D:5      | Noticed Menkaure
  4235 | D:5      | Killed Menkaure
  4360 | D:5      | Noticed a hornet
  4364 | D:5      | Paralysed by a hornet for 1 turns
  4371 | D:5      | Killed a hornet
  4371 | D:5      | Reached skill level 8 in Axes
  4371 | D:5      | Reached skill level 5 in Armour
  4371 | D:5      | Reached XP level 8. HP: 27/70 MP: 7/7
  4460 | D:5      | HP: 4/105 [centaur/arrow (6)]
  4873 | D:5      | Noticed Duvessa
  4875 | D:5      | Noticed Dowan
  4886 | D:5      | Killed Dowan
  4891 | D:5      | Killed Duvessa
  4891 | D:5      | Reached skill level 9 in Axes
  5523 | D:5      | Found a runed translucent door.
  5524 | D:5      | Noticed Crazy Yiuf
  5530 | D:5      | Killed Crazy Yiuf
  5599 | D:6      | Found a sparkling altar of Nemelex Xobeh.
  5839 | D:6      | Reached **** piety under Trog
  5931 | D:6      | Found a white marble altar of Elyvilon.
  6113 | D:6      | Found a basalt altar of Yredelemnul.
  6326 | D:6      | Reached skill level 5 in Dodging
  6942 | D:7      | Reached XP level 9. HP: 65/78 MP: 8/8
  6949 | D:7      | Reached skill level 10 in Axes
  7517 | D:7      | Reached skill level 11 in Axes
  8175 | D:7      | Found a staircase to the Ecumenical Temple.
  8264 | D:8      | Reached skill level 12 in Axes
  8274 | D:8      | Reached XP level 10. HP: 78/89 MP: 9/9
  9454 | D:8      | Reached ***** piety under Trog
  9878 | D:8      | Found a blossoming altar of Fedhas.
 10050 | D:9      | Noticed Erica
 10066 | D:9      | Killed Erica
 10066 | D:9      | Reached skill level 13 in Axes
 10424 | D:9      | Found Qapino's Antique Weapon Boutique.
 11171 | D:10     | Entered Level 10 of the Dungeon
 11315 | D:10     | Noticed a necromancer
 11329 | D:10     | Killed a necromancer
 11350 | D:10     | HP: 2/91 [polar bear simulacrum (17)]
 11350 | D:10     | Slain by a yak simulacrum

Illustrated notes

Levels and vault maps discovered:
D:1:      wheals_arrival_shading, layout_basic, st_stairs_7,
          chequers_serial_rivers_large_b, kennysheep_decorative_pillar
D:2:      layout_basic, uniq_jessica, uniq_robin
D:3:      layout_rooms, grunt_temple_overflow_diamond,
          chequers_ecumenical_altar_simple_redux, uniq_sigmund
D:4:      layout_basic, nicolae_dithmenos_through_a_glass_darkly
D:5:      kennysheep_slugbush, layout_basic, first_ration,
          uniq_crazy_yiuf_cottage, uniq_menkaure, uniq_duvessa
D:6:      layout_basic, kennysheep_ying_yang, nemelex_xobeh_ov_fountains_minmay,
          portal_sewer_entry_b
D:7:      layout_loops_cross, temple_hall
D:8:      cheibrodos_helix_gallery, layout_basic, basic_altar, grunt_ogre_cave,
          fungi_pond_lemuel
D:9:      layout_roguey, serial_shops, shop, uniq_erica
D:10:     layout_loops_ring, lair_entry_dummy, orc_0_dummy,
          eino_house_with_fridge, uniq_harold

Skill      XL: |  1  2  3  4  5  6  7  8  9 10 |
---------------+-------------------------------+-----
Fighting       | 4 5 6 8 9 |  9.5
Axes           | 4 5 6 8 9 12 13 | 13.9
Armour         | 3 5 6 7 8 |  8.1
Dodging        | 3 4 5 6 |  6.6
Stealth        | 1 2 3 |  3.1

Action                   |  1- 3 |  4- 6 |  7- 9 | 10-12 || total
-------------------------+-------+-------+-------+-------++-------
Melee: Hand axe          |    79 |   114 |   147 |       ||   340
       Headbutt          |    10 |    23 |    64 |    26 ||   123
       Battleaxe         |       |       |   101 |   137 ||   238
Invok: Berserk           |     1 |     2 |     8 |     3 ||    14
       Trog's Hand       |       |       |     1 |       ||     1
  Use: Scroll            |       |       |       |    11 ||    11
 Stab: Sleeping          |     1 |       |     1 |     5 ||     7
  Eat: Chunk             |     1 |    10 |    15 |    10 ||    36
       Ration            |       |       |     2 |     1 ||     3
Armor: Animal skin       |    12 |     2 |       |       ||    14
       Ring mail         |       |    26 |    57 |    23 ||   106
Dodge: Dodged            |    62 |    66 |   154 |    81 ||   363
